 Dungeon Crawl Stone Soup version 0.32-a0-132-g2d33c3cfaf (webtiles) character file.

Game seed: 12650691990889826028

2655 Daunt the Magician (level 9, 0/61 (66) HPs)
             Began as a Gnoll Alchemist on Feb 9, 2024.
             Was an Initiate of Gozag.
             Slain by a wyvern (16 damage)
             ... on level 8 of the Dungeon.
             The game lasted 00:35:02 (6929 turns).

Daunt the Magician (Gnoll Alchemist)                Turns: 6929, Time: 00:35:02

HP:   0/61 (66)     AC:  7    Str:  9    XL:     9   Next: 62%
MP:   19/19         EV: 14    Int: 15    God:    Gozag
Gold: 563           SH:  0    Dex: 15    Spells: 5/21 levels left

rFire   . . .        a - +3 spear (vamp)
rCold   + . .        (no shield)
rNeg    . . .        z - +1 leather armour {rC+}
rPois   .            (no helmet)
rElec   .            (no cloak)
rCorr   +            s - +2 pair of gloves {infuse}
SInv    .            (no boots)
Will    .....        q - amulet of magic regeneration
Stlth   +++          w - ring of resist corrosion
HPRegen 0.30/turn    (no ring)
MPRegen 0.56/turn

%: infuse magic (1 MP)
@: about to teleport, drained
A: fangs 1, strong nose, distributed training
a: Renounce Religion, Potion Petition, Call Merchant, Bribe Branch


You were on level 8 of the Dungeon.
You worshipped Gozag.
Gozag was pleased with you.
You visited 2 branches of the dungeon, and saw 10 of its levels.

You collected 702 gold pieces.
You spent 52 gold pieces at shops.
You paid 87 gold pieces to Gozag.

Inventory:

Hand Weapons
 a - a +3 vampiric spear (weapon)
 b - a +0 orcbow
 f - a +0 short sword
 i - a +2 glaive of protection
 B - a +2 heavy hand axe
 H - a +2 glaive of flaming
 J - a +0 sling
 K - a +3 mace
Missiles
 k - 56 stones
 r - 11 boomerangs
 G - 11 poisoned darts
Armour
 h - a +3 ring mail
 p - a +0 robe
 s - a +2 pair of gloves of infusion (worn)
 z - a +1 leather armour of cold resistance (worn)
Jewellery
 q - an amulet of magic regeneration (around neck)
 w - a ring of resist corrosion (left hand)
Talismans
 E - a talisman of death
Wands
 x - a wand of roots (9)
 A - a wand of flame (28)
 C - a wand of light (15)
Scrolls
 d - a scroll of teleportation
 g - 3 scrolls of blinking {unknown}
 j - 2 scrolls of fog
 n - a scroll of amnesia {unknown}
 o - a scroll of noise {unknown}
 t - 2 scrolls of fear {unknown}
 y - a scroll of enchant armour {unknown}
 F - a scroll of poison {unknown}
Potions
 c - 3 potions of degeneration
 e - 7 potions of curing
 l - 2 potions of attraction
 m - 3 potions of heal wounds
 u - a potion of lignification
 v - a potion of might
 D - a potion of brilliance {unknown}
 I - 2 potions of magic


   Skills:
 + Level 4.6 Fighting
 + Level 4.6 Short Blades
 + Level 4.6 Long Blades
 + Level 4.6 Axes
 + Level 4.6 Maces & Flails
 + Level 4.6 Polearms
 + Level 4.6 Staves
 + Level 4.6 Ranged Weapons
 + Level 4.6 Throwing
 + Level 4.6 Armour
 + Level 6.5 Dodging
 + Level 6.3 Stealth
 + Level 4.6 Shields
 + Level 4.6 Unarmed Combat
 + Level 6.9 Spellcasting
 + Level 4.4 Conjurations
 + Level 3.8 Hexes
 + Level 3.8 Summonings
 + Level 3.8 Necromancy
 + Level 3.8 Translocations
 + Level 3.8 Fire Magic
 + Level 3.8 Ice Magic
 + Level 3.8 Air Magic
 + Level 3.8 Earth Magic
 + Level 6.7 Alchemy
 + Level 5.0 Invocations
 + Level 4.6 Evocations
 + Level 4.2 Shapeshifting


You had 5 spell levels left.
You knew the following spells:

 Your Spells              Type           Power      Damage    Failure   Level
a - Sting                 Conj/Alch      84%        1d8       1%          1
b - Call Canine Familiar  Summ           16%        N/A       11%         3
c - Mephitic Cloud        Conj/Alch/Air  20%        N/A       7%          3
o - Ozocubu's Armour      Ice            16%        N/A       11%         3
t - Olgreb's Toxic Radia  Alch           25%        N/A       11%         4
v - Mercury Vapours       Alch/Air       42%        N/A       3%          2

Your spell library contained the following spells:

 Spells                   Type           Power      Damage    Failure   Level
 Slow                     Hex            64%        N/A       3%          1
 Summon Small Mammal      Summ           64%        N/A       3%          1
 Confusing Touch          Hex            16%        N/A       11%         3
 Fugue of the Fallen      Necr           16%        N/A       11%         3
 Sigil of Binding         Hex            16%        N/A       11%         3
 Vampiric Draining        Necr           16%        2d7       11%         3
 Sticky Flame             Fire/Alch      21%        2d6       21%         4
 Manifold Assault         Tloc           16%        N/A       36%         4
 Summon Blazeheart Golem  Fire/Summ      16%        N/A       36%         4
 Vhi's Electric Charge    Tloc/Air       32%        N/A       36%         4
 Arcjolt                  Conj/Air       8%         1d18      65%         5
 Ozocubu's Refrigeration  Ice            8%         4d9       100%        7
 Discord                  Hex            8%         N/A       100%        8
 Maxwell's Capacitive Co  Air            8%         ∞         100%        8


Dungeon Overview and Level Annotations

Branches:
Dungeon (9/15)             Temple (1/1) D:5
   Lair: D:8-11         Orc: D:9-12

Altars:
Ashenzari
Cheibriados
Dithmenos
Elyvilon
Gozag
Kikubaaqudgha
Makhleb
Nemelex Xobeh
Okawaru
Qazlal
Ru
Sif Muna
Trog
Uskayaw
Vehumet
Wu Jian
Yredelemnul
Zin

Shops:
D:6 !

Annotations:
D:5 3 runed translucent doors, Azoth's ghost, novice GnHu


Innate Abilities, Weirdness & Mutations

You have very sharp teeth.
Your uncanny sense of smell can sniff out nearby items.
Your experience applies equally to all skills.


Message History

Unknown command.
This spell is dangerous to cast!
You start memorising the spell.
You continue memorising. x3
You finish memorising.
Spell assigned to 'd'.
Adjust (i)tems, (s)pells, or (a)bilities?
Adjust which spell? d - Ozocubu's Armour Adjust to which letter? o - Ozocubu's Armour You climb downwards.
You hear the roar of battle.
There is an entrance to a bailey on this level.
Hurry and find it before the portal closes forever!
You hear the faint creaking of a portcullis very nearby.
The wyvern closely misses you.
The wight hits you with a +0 great sword!
You feel drained.
A shadow comes into view.
The wyvern barely misses you.
The wight hits you with a +0 great sword.
You feel drained.
The wight hits you from afar with a +0 halberd.
The wyvern barely misses you.
The shadow moves out of view.
There is a stone staircase leading up here.
Unknown command.
The wyvern bites you!
The wight hits you from afar with a +0 halberd!
* * * LOW HITPOINT WARNING * * *
The wight completely misses you.
You climb upwards.
There is a stone staircase leading down here.
Unknown command.
Unknown command.
Unknown command.
As you read the scroll of teleportation, it crumbles to dust.
You feel strangely unstable. The wyvern closely misses you.
The wight completely misses you. The wyvern closely misses you.
You see here a +0 whip.
The wyvern attacks as it pursues you! The wyvern bites you!
You die...
Your body crumbles into a pile of gold.

..........## ..#
...........## #.#
............###.##
..............#..#
........<........###
...................###
####.........#.......#
#
######[...##..###...#
##.#####.@## #..#
######≈.≈##.)k#.#....#
......≈.≈...)>#......#
...[..≈.≈....z)......#
......≈≈≈...........##
#######...........###
#######...### ..###
#..#


You could see a wyvern and a wight.

Vanquished Creatures
  Eustachio (D:5)
  A wyvern (D:7)
  Menkaure (D:6)
  3 water moccasins (D:7)
  2 ice beasts
  3 sky beasts (D:7)
  2 orc warriors
  3 ogres
  A centaur (D:7)
  A phantom (D:5)
  A kobold brigand (D:8)
  3 scorpions
  2 bullfrogs (D:6)
  2 orc priests (D:3)
  A hound (D:6)
  A bombardier beetle (D:5)
  A gnoll bouda (D:6)
  2 sleepcaps (D:6)
  An iguana (D:4)
  Ijyb (D:5)
  An orc wizard (D:6)
  6 gnolls (D:6)
  4 adders
  A shadow imp (D:5)
  4 white imps
  4 dart slugs
  2 ribbon worms
  13 orcs
  5 ball pythons
  8 endoplasms
  2 giant cockroaches
  2 goblins
  4 hobgoblins
  2 quokkas
  5 bats
  2 frilled lizards
  17 kobolds
  3 rats
118 creatures vanquished.

Notes
Turn   | Place    | Note
-------+----------+-------------------------------------------
     0 | D:1      | Daunt the Gnoll Alchemist began the quest for the Orb.
     0 | D:1      | Reached XP level 1. HP: 13/13 MP: 6/6
   199 | D:1      | Reached XP level 2. HP: 16/19 MP: 2/7
   509 | D:1      | Found a faded altar of an unknown god.
   685 | D:1      | Reached skill level 5 in Spellcasting
   685 | D:1      | Reached XP level 3. HP: 25/25 MP: 5/9
  1379 | D:1      | Reached skill level 1 in Invocations
  1427 | D:2      | Found an ornate altar of the Wu Jian Council.
  1433 | D:2      | Reached skill level 1 in Fighting
  1433 | D:2      | Reached skill level 1 in Short Blades
  1433 | D:2      | Reached skill level 1 in Long Blades
  1433 | D:2      | Reached skill level 1 in Axes
  1433 | D:2      | Reached skill level 1 in Maces & Flails
  1433 | D:2      | Reached skill level 1 in Polearms
  1433 | D:2      | Reached skill level 1 in Staves
  1433 | D:2      | Reached skill level 1 in Ranged Weapons
  1433 | D:2      | Reached skill level 1 in Throwing
  1433 | D:2      | Reached skill level 1 in Armour
  1433 | D:2      | Reached skill level 1 in Shields
  1433 | D:2      | Reached skill level 1 in Unarmed Combat
  1433 | D:2      | Reached skill level 1 in Evocations
  1636 | D:2      | Reached skill level 1 in Shapeshifting
  1636 | D:2      | Reached XP level 4. HP: 32/32 MP: 11/11
  2059 | D:3      | Reached skill level 1 in Hexes
  2059 | D:3      | Reached skill level 1 in Summonings
  2059 | D:3      | Reached skill level 1 in Necromancy
  2059 | D:3      | Reached skill level 1 in Translocations
  2059 | D:3      | Reached skill level 1 in Fire Magic
  2059 | D:3      | Reached skill level 1 in Ice Magic
  2059 | D:3      | Reached skill level 1 in Air Magic
  2059 | D:3      | Reached skill level 1 in Earth Magic
  2191 | D:3      | Noticed an orc warrior
  2276 | D:3      | Reached XP level 5. HP: 37/37 MP: 7/12
  2874 | D:4      | Learned a level 2 spell: Mercury Vapours
  2986 | D:4      | Noticed an ogre
  3139 | D:5      | Entered Level 5 of the Dungeon
  3141 | D:5      | Noticed Eustachio
  3154 | D:5      | Noticed a phantom
  3160 | D:5      | Killed Eustachio
  3161 | D:5      | Reached skill level 5 in Dodging
  3161 | D:5      | Reached XP level 6. HP: 40/44 MP: 7/14
  3508 | D:5      | Learned a level 3 spell: Mephitic Cloud
  3567 | D:5      | Reached XP level 7. HP: 50/50 MP: 12/15
  3624 | D:6      | Found Kuaxt's Distillery.
  3633 | D:6      | Bought a potion of curing for 39 gold pieces
  3633 | D:6      | Bought a potion of degeneration for 13 gold pieces
  3713 | D:5      | Noticed Ijyb
  3728 | D:5      | Killed Ijyb
  3868 | D:5      | Reached skill level 5 in Stealth
  4084 | D:5      | Found a staircase to the Ecumenical Temple.
  4090 | Temple   | Entered the Ecumenical Temple
  4180 | D:5      | Found a runed translucent gate.
  4180 | D:5      | Found a runed translucent gate.
  4180 | D:5      | Found a runed translucent gate.
  4185 | D:5      | Noticed Azoth's ghost (novice GnHu)
  4266 | Temple   | Became a worshipper of Gozag Ym Sagoz the Greedy
  4463 | D:6      | Reached XP level 8. HP: 46/58 MP: 14/16
  4836 | D:6      | Found a basalt altar of Yredelemnul.
  4853 | D:6      | Noticed Menkaure
  4858 | D:6      | Killed Menkaure
  5434 | D:6      | Found a snail-covered altar of Cheibriados.
  5858 | D:8      | Reached XP level 9. HP: 9/65 MP: 13/18
  6099 | D:8      | Noticed a two-headed ogre
  6137 | D:7      | Learned a level 3 spell: Call Canine Familiar
  6142 | D:7      | Learned a level 4 spell: Olgreb's Toxic Radiance
  6591 | D:7      | Reached skill level 5 in Invocations
  6923 | D:8      | Learned a level 3 spell: Ozocubu's Armour
  6929 | D:8      | Slain by a wyvern

Illustrated notes

Levels and vault maps discovered:
D:1:      psy_arrival_whirlpool, layout_basic,
          hellmonk_ecumenical_altar_pennies_from_heaven
D:2:      layout_basic, basic_altar, minmay_tetromino_i4
D:3:      layout_rooms, guppyfry_early_lair_pool
D:4:      layout_cave_pools
D:5:      layout_rooms, minmay_temple_entry_fiery, gammafunk_ghost_necromancy,
          uniq_ijyb, uniq_eustachio
D:6:      layout_basic, kennysheep_mini_moat, cheibrodos_worm_habitat,
          serial_shops, nicolae_shop_tiny_statue_garden, uniq_menkaure
D:7:      layout_gridville
D:8:      layout_cave_pods, minitemple, serial_rivers,
          chequers_serial_rivers_micro_d, chequers_serial_rivers_micro_b,
          chequers_serial_rivers_micro_a, chequers_serial_rivers_marsh,
          nicolae_figureground_pulse
D:9:      layout_irregular_city, nicolae_hepliaklqana_monster_ancestors,
          minmay_lair_entry_grove, enter_bailey_4
Temple:   eino_temple_scatter_basement

Skill      XL: |  1  2  3  4  5  6  7  8  9 |
---------------+----------------------------+-----
Conjurations   | 2 3 4 |  4.4
Spellcasting   | 5 6 |  6.9
Invocations    | 1 2 3 4 5 |  5.0
Fighting       | 1 2 3 4 |  4.6
Short Blades   | 1 2 3 4 |  4.6
Long Blades    | 1 2 3 4 |  4.6
Axes           | 1 2 3 4 |  4.6
Maces & Flails | 1 2 3 4 |  4.6
Polearms       | 1 2 3 4 |  4.6
Staves         | 1 2 3 4 |  4.6
Ranged Weapons | 1 2 3 4 |  4.6
Throwing       | 1 2 3 4 |  4.6
Armour         | 1 2 3 4 |  4.6
Shields        | 1 2 3 4 |  4.6
Unarmed Combat | 1 2 3 4 |  4.6
Evocations     | 1 2 3 4 |  4.6
Shapeshifting  | 1 2 3 4 |  4.2
Hexes          | 1 2 3 |  3.8
Summonings     | 1 2 3 |  3.8
Necromancy     | 1 2 3 |  3.8
Translocations | 1 2 3 |  3.8
Fire Magic     | 1 2 3 |  3.8
Ice Magic      | 1 2 3 |  3.8
Air Magic      | 1 2 3 |  3.8
Earth Magic    | 1 2 3 |  3.8
Dodging        | 5 6 |  6.5
Stealth        | 5 6 |  6.3
Alchemy        | 6 |  6.7

Action                     |  1- 3 |  4- 6 |  7- 9 || total
---------------------------+-------+-------+-------++-------
  Melee: Short sword       |     2 |       |       ||     2
         Spear             |    35 |    46 |   241 ||   322
         Bite              |     3 |     4 |    32 ||    39
         Punch             |       |     2 |    16 ||    18
   Fire: Orcbow            |       |       |    11 ||    11
   Cast: Sting             |    56 |    75 |    28 ||   159
         Mercury Vapours   |       |     1 |    19 ||    20
         Mephitic Cloud    |       |       |    11 ||    11
    Use: Scroll            |       |       |     6 ||     6
         Potion            |       |       |     1 ||     1
   Stab: Confused          |       |       |    11 ||    11
         Distracted        |       |       |     1 ||     1
         Sleeping          |       |       |     1 ||     1
 Armour: Robe              |     2 |       |       ||     2
         Ring mail         |    28 |    41 |       ||    69
         Leather armour    |       |       |   129 ||   129
  Dodge: Dodged            |    35 |    30 |   120 ||   185

Table legend: (Time is in decaauts)
 A = Elapsed time spent in this place.
 B = Non-inter-level travel time spent in this place.
 C = Inter-level travel time spent in this place.
 D = Time resting spent in this place.
 E = Time spent auto-exploring this place.
 F = Levels seen in this place.
 G = Mean time per level.
                   A        B        C        D        E       F      G
               +--------+--------+--------+--------+--------+-----+--------+
         Total |   6946 |   6387 |    559 |    159 |   4358 |  10 |  694.6 |
       Dungeon |   6917 |   6384 |    533 |    159 |   4358 |   9 |  768.6 |
        Temple |     29 |      3 |     26 |      0 |      0 |   1 |   29.0 |
               +--------+--------+--------+--------+--------+-----+--------+

Top non-repeatable levels by time:
     D:6: 1426 daAuts
     D:1: 1163 daAuts
     D:7: 1048 daAuts
     D:2: 951 daAuts
     D:5: 806 daAuts
     D:3: 737 daAuts
     D:4: 546 daAuts
     D:8: 214 daAuts
  Temple: 29 daAuts
     D:9: 23 daAuts
